 Dungeon Sprint DCSS version 0.29-a0-468-ge57f7f99b4 (webtiles) character file.

Game seed: 5167248206733368061

22 mhtbhm the Poker (level 3, -1/46 HPs)
             Began as a Human Berserker on May 21, 2022.
             Was a Believer of Trog.
             Slain by Crazy Yiuf
             ... wielding a +3 quarterstaff of chaos
              (5 damage)
             ... in the Dungeon (Sprint III: "The Ten Rune Challenge").
             The game lasted 00:00:47 (94 turns).

mhtbhm the Poker (Human Berserker)                    Turns: 94, Time: 00:00:47

Health: -1/46      AC:  2    Str: 19    XL:     3   Next: 7%
Magic:  0/3        EV: 12    Int:  7    God:    Trog [**....]
Gold:   13         SH:  0    Dex: 12    Spells: 2/2 levels left

rFire   . . .      SeeInvis .   a - +0 spear
rCold   . . .      Faith    .   (no shield)
rNeg    . . .      Spirit   .   b - +0 animal skin
rPois   .          Reflect  .   (no helmet)
rElec   .          Harm     .   (no cloak)
rCorr   .          Rampage  .   (no gloves)
Will    .....      NoTele   +   (no boots)
Stlth   ..........              (no amulet)
HPRegen 0.15/turn               (no ring)
MPRegen 0.08/turn               (no ring)

@: berserking (expiring), very quick
A: no striking features
a: Renounce Religion, Berserk, Trog's Hand


You were in the Dungeon.
You worshipped Trog.
Trog was pleased with you.
You visited 1 branch You collected 13 gold pieces.

Inventory:

Hand Weapons
 a - a +0 spear (weapon)
Armour
 b - a +0 animal skin (worn)
Scrolls
 h - a scroll of blinking
Potions
 c - a potion of curing
 d - a potion of heal wounds
 e - a potion of haste
 f - 2 potions of magic
 g - a potion of berserk rage


   Skills:
 + Level 4.5 Fighting
 + Level 4.6 Polearms
 + Level 2.5 Armour
 + Level 2.6 Dodging
 + Level 0.1 Stealth


You had 2 spell levels left.
You didn't know any spells.
Your spell library was empty.

Dungeon Overview and Level Annotations

Branches:
Dungeon (1/1)

Altars:

Annotations:
D Crazy Yiuf


Message History

You hit the human.
The human is heavily wounded.
You hit the human.
The human is heavily wounded.
The human barely misses you.
You puncture the human! You punch the human.
The human is almost dead.
The human closely misses you. Crazy Yiuf misses you.
You closely miss the human. Your punch misses the human.
The human is almost dead.
You puncture the human!
You feel the power of Trog in you as your rage grows.
You kill the human!
Trog accepts your kill.
Crazy Yiuf hits you with a +3 quarterstaff of chaos!
Ouch! That really hurt!
You feel your power leaking away.
Your Fighting skill increases to level 4!
Your Polearms skill increases to level 4!
You have reached level 2!
You have reached level 3!
Your experience leads to an increase in your attributes!
Increase (S)trength, (I)ntelligence, or (D)exterity?
You feel stronger. x2
You hit Crazy Yiuf.
Crazy Yiuf is lightly wounded.
Crazy Yiuf barely misses you.
You hit Crazy Yiuf.
Crazy Yiuf is moderately wounded.
You hit Crazy Yiuf but do no damage.
Crazy Yiuf is moderately wounded.
Crazy Yiuf barely misses you.
You hit Crazy Yiuf.
Crazy Yiuf is heavily wounded.
You puncture Crazy Yiuf!
Crazy Yiuf is almost dead.
Crazy Yiuf hits you with a +3 quarterstaff of chaos!
* * * LOW HITPOINT WARNING * * *
Crazy Yiuf freezes you.
You die...

▓..# #......♣
▓#'####......♣
▓.....#....≈.♣
▓.....#...≈≈.♣♣.
▓....)#..≈≈≈≈...
▓####'#..≈≈≈≈≈≈♣
▓.....#.≈≈≈≈≈≈..
▓.....#g≈≈≈≈≈...
▓.....#@≈≈≈.....
▓'#####.†.......
▓...............
▓▓▓▓▓▓▓▓▓▓▓▓▓▓▓▓


You could see Crazy Yiuf.

Vanquished Creatures
  A human (D)
  2 endoplasms (D)
  2 rats (D)
5 creatures vanquished.

Notes
Turn   | Place    | Note
-------+----------+-------------------------------------------
     0 | D        | mhtbhm the Human Berserker began the quest for the Orb.
     0 | D        | Reached XP level 1. HP: 18/18 MP: 1/1
    56 | D        | Reached ** piety under Trog
    77 | D        | Noticed Crazy Yiuf
    90 | D        | Reached XP level 2. HP: 15/26 MP: 0/2
    90 | D        | Reached XP level 3. HP: 18/31 MP: 0/3
    94 | D        | Slain by Crazy Yiuf

Illustrated notes

Levels and vault maps discovered:
D:        dungeon_sprint_mu [sprint_mu_entry_forest, sprint_mu_temple_rooms,
          sprint_mu_d1_spiders, sprint_mu_d2_genie, sprint_mu_d3_branching,
          sprint_mu_orc_legion, sprint_mu_elf_gauntlet, sprint_mu_hive_nellie,
          sprint_mu_lair_fedhas, sprint_mu_vaults_butterflies,
          sprint_mu_slime_circle, sprint_mu_shoals_archi,
          sprint_mu_snake_twists, sprint_mu_blade_basic,
          sprint_mu_crypt_fortress, sprint_mu_tomb_spiral,
          sprint_mu_vestibule_basic, sprint_mu_gehenna_hellfire,
          sprint_mu_dis_giant, sprint_mu_tartarus_statrot,
          sprint_mu_cocytus_islands, sprint_mu_zot1]

Skill      XL: |  1 |
---------------+----+-----
Fighting       | 4 |  4.5
Polearms       | 4 |  4.6
Armour         | |  2.5
Dodging        | |  2.6
Stealth        | |  0.1

Action                   || total
-------------------------++-------
Melee: Spear             ||    21
       Punch             ||     1
Invok: Berserk           ||     1
Dodge: Dodged            ||     8

Table legend: (Time is in decaauts)
 A = Elapsed time spent in this place.
 B = Non-inter-level travel time spent in this place.
 C = Inter-level travel time spent in this place.
 D = Time resting spent in this place.
 E = Time spent auto-exploring this place.
 F = Levels seen in this place.
 G = Mean time per level.
                   A        B        C        D        E       F      G
               +--------+--------+--------+--------+--------+-----+--------+
         Total |     88 |     88 |      0 |      0 |     62 |   1 |   88.0 |
       Dungeon |     88 |     88 |      0 |      0 |     62 |   1 |   88.0 |
               +--------+--------+--------+--------+--------+-----+--------+

Top non-repeatable levels by time:
       D: 88 daAuts
